 Dungeon Crawl Stone Soup version 0.23-a0-417-gf02c810438 (webtiles) character file.

15139 Napalmbreeze the Thaumaturge (level 12, -6/93 (94) HPs)
             Began as a Gnoll Skald on Nov 11, 2018.
             Was a High Priest of Okawaru.
             Mangled by an ice devil (22 damage)
             ... in an ice cave.
             The game lasted 00:30:35 (13400 turns).

Napalmbreeze the Thaumaturge (Gnoll Skald)         Turns: 13400, Time: 00:30:35

HP:   -6/93 (94)    AC: 30    Str: 23    XL:     12   Next: 23%
MP:   27/31         EV: 13    Int: 16    God:    Okawaru [*****.]
Gold: 360           SH:  6    Dex: 16    Spells: 21/28 levels left

rFire    + . .     SeeInvis .   L - +7 mace "Puol" {protect, rPois}
rCold    . . .     Gourm    .   b - +0 buckler
rNeg     . . .     Faith    .   M - +2 chain mail {rF+}
rPois    +         Spirit   .   t - +0 hat "Ishryh" {+Blink rElec MR- Str+4}
rElec    +         Reflect  .   C - +0 cloak
rCorr    .         Harm     .   K - +1 pair of gloves
MR       .....                  (no boots)
Stlth    +.........             (no amulet)
HPRegen  0.25/turn              j - ring of magical power
MPRegen  0.22/turn              T - +5 ring of protection

@: infused, protection aura, very slightly contaminated
A: distributed training, fangs 1, thin metallic scales 1, low mp 1, strong 1,
strong nose
a: Heroism, Finesse, Renounce Religion, Evoke Blink


You were in an ice cave.
You worshipped Okawaru.
Okawaru was extremely pleased with you.
You were not hungry.

You visited 3 branches of the dungeon, and saw 14 of its levels.
You also visited: Ice Cave.

You collected 624 gold pieces.
You spent 264 gold pieces at shops.

Inventory:

Hand Weapons
 e - a +1 short sword of venom
 L - the +7 mace "Puol" (weapon) {protect, rPois}
   (You found it on level 7 of the Dungeon)

   It protects the one who uses it against injury (+AC on strike).
   It protects you from poison.
Missiles
 F - 4 throwing nets (quivered)
Armour
 b - a +0 buckler (worn)
 c - a +2 helmet of see invisible
 t - the +0 hat "Ishryh" (worn) {+Blink rElec MR- Str+4}
   (You found it on level 4 of the Dungeon)

   It affects your strength (+4).
   It insulates you from electricity.
   It affects your resistance to hostile enchantments.
   It lets you blink.
 C - a +0 cloak (worn)
 K - a +1 pair of gloves (worn)
 M - a +2 chain mail of fire resistance (worn)
 N - the +3 large shield of Xolaw {Str+4}
   (You found it on level 8 of the Dungeon)

   It affects your strength (+4).
Jewellery
 j - a ring of magical power (left hand)
 Q - the ring "Coetool" {*Corrode rElec rF- MP+9 Int+7}
   (You found it on level 8 of the Dungeon)

   [ring of magical power]

   It affects your intelligence (+7).
   It makes you vulnerable to fire.
   It insulates you from electricity.
   It affects your magic capacity (+9).
   It may corrode you when you take damage.
 T - a +5 ring of protection (right hand)
Wands
 a - a wand of enslavement (11)
 z - a wand of iceblast (9)
 B - a wand of acid (9)
 S - a wand of paralysis (5)
Scrolls
 g - 11 scrolls of identify {unknown}
 k - 4 scrolls of remove curse
 l - 3 scrolls of enchant armour {unknown}
 n - a scroll of fog {unknown}
 o - 3 scrolls of fear {unknown}
 r - a scroll of immolation {unknown}
 s - 2 scrolls of magic mapping {unknown}
 u - 2 scrolls of noise {unknown}
 v - 2 scrolls of random uselessness {unknown}
 w - 2 scrolls of teleportation {unknown}
 E - 3 scrolls of amnesia {unknown}
Potions
 f - a potion of lignification {unknown}
 h - a potion of mutation
 i - 3 potions of heal wounds {unknown}
 m - 4 potions of curing
 p - 2 potions of might
 q - 3 potions of degeneration {unknown}
 x - 2 potions of berserk rage {unknown}
 D - 2 potions of invisibility
 G - a potion of flight {unknown}
 H - 3 potions of cancellation {unknown}
 J - a potion of resistance {unknown}
 P - 2 potions of agility {unknown}
 R - 2 potions of haste {unknown}
Comestibles
 d - 8 rations
 A - a chunk of flesh


   Skills:
 + Level 8.4 Fighting
 + Level 7.0 Short Blades
 + Level 7.0 Long Blades
 + Level 7.0 Axes
 + Level 7.0 Maces & Flails
 + Level 8.4 Polearms
 + Level 7.0 Staves
 + Level 7.0 Slings
 + Level 7.0 Bows
 + Level 7.0 Crossbows
 + Level 7.0 Throwing
 + Level 7.5 Armour
 + Level 8.4 Dodging
 + Level 7.0 Stealth
 + Level 7.0 Shields
 + Level 7.0 Unarmed Combat
 + Level 8.7 Spellcasting
 + Level 5.8 Conjurations
 + Level 5.8 Hexes
 + Level 8.0 Charms
 + Level 5.8 Summonings
 + Level 5.8 Necromancy
 + Level 5.8 Translocations
 + Level 5.8 Transmutations
 + Level 5.8 Fire Magic
 + Level 5.8 Ice Magic
 + Level 5.8 Air Magic
 + Level 5.8 Earth Magic
 + Level 5.8 Poison Magic
 + Level 7.6 Invocations
 + Level 7.0 Evocations


You had 21 spell levels left.
You knew the following spells:

 Your Spells              Type           Power        Failure   Level  Hunger
a - Infusion              Chrm           ####         2%          1    None
d - Song of Slaying       Chrm           ####....     3%          2    None
q - Animate Skeleton      Necr           N/A          6%          1    None
s - Spectral Weapon       Hex/Chrm       ####....     12%         3    #......

Your spell library contained the following spells:

 Spells                   Type           Power        Failure   Level  Hunger
 Pain                     Necr           ####         6%          1    None
 Shroud of Golubria       Chrm/Tloc      ####......   6%          2    None
 Regeneration             Chrm/Necr      ####......   12%         3    #......
 Vampiric Draining        Necr           ####......   19%         3    #......
 Animate Dead             Necr           N/A          52%         4    ###....


Dungeon Overview and Level Annotations

Branches:
Dungeon (12/15)            Temple (1/1) D:6            Lair (1/6) D:11
    Orc (0/2) D:11

Altars:
Ashenzari
Cheibriados
Dithmenos
Elyvilon
Fedhas
Gozag
Hepliaklqana
Kikubaaqudgha
Makhleb
Nemelex Xobeh
Okawaru
Qazlal
Ru
Sif Muna
Trog
Uskayaw
Vehumet
Wu Jian
Xom
Yredelemnul
Zin
The Shining One

Shops:
D:6 [

Annotations:
Lair:1 exclusion: oklob plant


Innate Abilities, Weirdness & Mutations

Your experience applies equally to all skills.
You have very sharp teeth.
Your uncanny sense of smell can sniff out nearby items.
You are partially covered in thin metallic scales. (AC +2)
Your magical capacity is low. (-10% MP)
Your muscles are strong. (Str +2)


Message History

Confirm with . or Enter, or press ? or * to list all spells.
You miscast Spectral Weapon.
You are very lightly contaminated with residual magic.
Your skin tingles.
The ice devil misses you. The ice devil barely misses you.
Unknown command.
Casting: Spectral Weapon (safe; 12% risk of failure)
Confirm with . or Enter, or press ? or * to list all spells.
There is nothing here that can be animated!
Unknown command.
Unknown command.
Unknown command.
Casting: Animate Skeleton (safe; 6% risk of failure)
Confirm with . or Enter, or press ? or * to list all spells.
You begin infusing your attacks with magical energy.
The ice devil hits you. The ice devil freezes you!
* * * LOW HITPOINT WARNING * * *
The ice devil hits you.
* * * LOW HITPOINT WARNING * * *
The ice devil freezes you!!
You die...

##.....##
#...∩...#
#...∩...#
##.....##
##...## #...##
##...# ##...#
#..@## ##.44##
∆#.....#∆
#...........#
#.............
#.............#
#...............
#...............
#.......⌠......


You could see 2 ice devils.

Vanquished Creatures
  3 two-headed ogres
  Pikel (D:5)
  A centaur zombie (D:10)
  A gargoyle (D:11)
  2 spiny frogs (Lair:1)
  A rime drake (Lair:1)
  2 komodo dragons
  2 trolls (D:11)
  2 hippogriffs
  Grinder (D:5)
  Prince Ribbit (D:7)
  13 yaks
  A vampire (D:11)
  4 wyverns
  A hungry ghost (D:10)
  4 water moccasins
  4 orc warriors
  A porcupine (Lair:1)
  Duvessa (D:5)
  5 sky beasts
  A black bear (D:7)
  An ice beast (D:10)
  An eye of draining (D:11)
  A hornet zombie (D:11)
  6 ogres
  2 necrophages (D:9)
  8 centaurs
  A big kobold (D:7)
  Blork the orc (D:6)
  6 bullfrogs
  4 scorpions
  Dowan (D:5)
  15 killer bees
  6 wights (D:10)
  7 electric eels
  A howler monkey (D:5)
  8 crimson imps
  A bullfrog zombie (D:6)
  8 jellies
  2 centaur skeletons
  4 hounds
  4 bullfrog skeletons
  8 orc priests
  10 orc wizards
  Crazy Yiuf (D:7)
  2 iguanas
  Ijyb (D:5)
  8 worker ants
  A worker ant zombie (D:11)
  A howler monkey zombie (D:10)
  A howler monkey skeleton (D:4)
  6 gnolls
  10 adders
  2 shadow imps
  10 white imps (Lair:1)
  An ooze (D:2)
  An adder zombie (D:7)
  A worm (D:3)
  A dart slug (D:1)
  5 leopard geckos
  52 orcs
  6 giant cockroaches
  3 goblins
  7 hobgoblins
  4 jackals
  6 quokkas
  3 ball pythons
  14 bats
  6 frilled lizards
  A jackal skeleton (D:8)
  17 kobolds
  A leopard gecko skeleton (D:7)
  A quokka skeleton (D:6)
  6 rats
337 creatures vanquished.

Vanquished Creatures (collateral kills)
  A wight (D:10)
  A gnoll (D:11)
  2 white imps (Lair:1)
4 creatures vanquished.

Vanquished Creatures (others)
  A jelly (D:5)
  A shadow imp (D:7)
  2 orcs (D:5)
  9 plants
  7 spectral weapons
20 creatures vanquished.

Grand Total: 361 creatures vanquished

Notes
Turn   | Place    | Note
-------+----------+-------------------------------------------
     0 | D:1      | Napalmbreeze the Gnoll Skald began the quest for the Orb.
     0 | D:1      | Reached XP level 1. HP: 20/20 MP: 6/6
   170 | D:1      | Reached XP level 2. HP: 23/26 MP: 7/7
   850 | D:1      | Reached XP level 3. HP: 31/31 MP: 9/9
   873 | D:1      | Learned a level 3 spell: Spectral Weapon
   880 | D:1      | Reached skill level 5 in Spellcasting
   884 | D:1      | Learned a level 2 spell: Song of Slaying
  1436 | D:2      | Reached skill level 1 in Invocations
  1726 | D:2      | Reached skill level 1 in Short Blades
  1726 | D:2      | Reached skill level 1 in Long Blades
  1726 | D:2      | Reached skill level 1 in Axes
  1726 | D:2      | Reached skill level 1 in Maces & Flails
  1726 | D:2      | Reached skill level 1 in Staves
  1726 | D:2      | Reached skill level 1 in Slings
  1726 | D:2      | Reached skill level 1 in Bows
  1726 | D:2      | Reached skill level 1 in Crossbows
  1726 | D:2      | Reached skill level 1 in Throwing
  1726 | D:2      | Reached skill level 1 in Stealth
  1726 | D:2      | Reached skill level 1 in Shields
  1726 | D:2      | Reached skill level 1 in Unarmed Combat
  1726 | D:2      | Reached skill level 1 in Evocations
  1739 | D:2      | Reached XP level 4. HP: 38/38 MP: 11/11
  2032 | D:3      | Reached skill level 1 in Conjurations
  2032 | D:3      | Reached skill level 1 in Hexes
  2032 | D:3      | Reached skill level 1 in Summonings
  2032 | D:3      | Reached skill level 1 in Necromancy
  2032 | D:3      | Reached skill level 1 in Translocations
  2032 | D:3      | Reached skill level 1 in Transmutations
  2032 | D:3      | Reached skill level 1 in Fire Magic
  2032 | D:3      | Reached skill level 1 in Ice Magic
  2032 | D:3      | Reached skill level 1 in Air Magic
  2032 | D:3      | Reached skill level 1 in Earth Magic
  2032 | D:3      | Reached skill level 1 in Poison Magic
  2097 | D:3      | Gained mutation: Your magical capacity is low. (-10% MP)
                  | [potion of mutation]
  2097 | D:3      | Gained mutation: Your muscles are strong. (Str +2) [potion
                  | of mutation]
  2097 | D:3      | Gained mutation: You are partially covered in thin metallic
                  | scales. (AC +2) [potion of mutation]
  2100 | D:3      | Reached XP level 5. HP: 15/43 MP: 11/11
  2659 | D:3      | Found a bloodstained altar of Trog.
  2932 | D:4      | Got an ichor-stained hat
  2938 | D:4      | Identified the cursed +0 hat "Ishryh" {+Blink rElec MR-
                  | Str+4} (You found it on level 4 of the Dungeon)
  2954 | D:4      | Reached XP level 6. HP: 47/50 MP: 12/12
  3297 | D:3      | Reached skill level 5 in Fighting
  3297 | D:3      | Reached skill level 5 in Polearms
  3297 | D:3      | Reached skill level 5 in Dodging
  3691 | D:4      | Noticed a wyvern
  3704 | D:4      | Killed a wyvern
  3704 | D:4      | Reached XP level 7. HP: 29/56 MP: 11/13
  4130 | D:5      | Entered Level 5 of the Dungeon
  4157 | D:5      | Noticed Grinder
  4171 | D:5      | Killed Grinder
  4447 | D:5      | Reached XP level 8. HP: 50/63 MP: 15/15
  4568 | D:5      | Noticed Pikel
  4597 | D:5      | Killed Pikel
  4977 | D:5      | Noticed Ijyb
  4986 | D:5      | Killed Ijyb
  5167 | D:5      | Noticed Duvessa
  5167 | D:5      | Noticed Dowan
  5181 | D:5      | Killed Dowan
  5190 | D:5      | Killed Duvessa
  5190 | D:5      | Reached XP level 9. HP: 50/69 MP: 12/16
  5764 | D:6      | Found a blossoming altar of Fedhas.
  5790 | D:6      | Noticed Blork the orc
  5800 | D:6      | Killed Blork the orc
  5800 | D:6      | Reached skill level 5 in Armour
  5884 | D:6      | Found Nuopias's Antique Armour Boutique.
  5891 | D:6      | Bought a pair of embroidered gloves for 165 gold pieces
  6009 | D:6      | Found a staircase to the Ecumenical Temple.
  6018 | Temple   | Entered the Ecumenical Temple
  6260 | Temple   | Became a worshipper of Warmaster Okawaru
  6726 | D:7      | Noticed Prince Ribbit
  6734 | D:7      | Killed Prince Ribbit
  6734 | D:7      | Reached * piety under Okawaru
  6777 | D:7      | Reached skill level 5 in Invocations
  7008 | D:7      | Got an encrusted mace
  7009 | D:7      | Identified the +7 mace "Puol" {protect, rPois} (You found
                  | it on level 7 of the Dungeon)
  7013 | D:7      | Found a runed door.
  7017 | D:7      | Noticed Crazy Yiuf
  7022 | D:7      | Killed Crazy Yiuf
  7365 | D:7      | Reached XP level 10. HP: 58/77 MP: 18/18
  7971 | D:6      | Bought a buckler for 99 gold pieces
  8139 | D:8      | Reached ** piety under Okawaru
  8139 | D:8      | Reached skill level 5 in Short Blades
  8139 | D:8      | Reached skill level 5 in Long Blades
  8139 | D:8      | Reached skill level 5 in Axes
  8139 | D:8      | Reached skill level 5 in Maces & Flails
  8139 | D:8      | Reached skill level 5 in Staves
  8139 | D:8      | Reached skill level 5 in Slings
  8139 | D:8      | Reached skill level 5 in Bows
  8139 | D:8      | Reached skill level 5 in Crossbows
  8139 | D:8      | Reached skill level 5 in Throwing
  8139 | D:8      | Reached skill level 5 in Stealth
  8139 | D:8      | Reached skill level 5 in Shields
  8139 | D:8      | Reached skill level 5 in Unarmed Combat
  8139 | D:8      | Reached skill level 5 in Evocations
  8205 | D:8      | Got a transparent large shield
  8219 | D:8      | Identified the +3 large shield of Xolaw {Str+4} (You found
                  | it on level 8 of the Dungeon)
  8581 | D:8      | Got a scintillating platinum ring
  8584 | D:8      | Identified the ring "Coetool" {*Corrode rElec rF- MP+9
                  | Int+7} (You found it on level 8 of the Dungeon)
  8658 | D:8      | Noticed a two-headed ogre
  8672 | D:8      | Killed a two-headed ogre
  8672 | D:8      | Reached *** piety under Okawaru
  9503 | D:9      | Received a gift from Okawaru
 10074 | D:9      | Noticed a two-headed ogre
 10082 | D:9      | Killed a two-headed ogre
 10082 | D:9      | Reached XP level 11. HP: 59/84 MP: 20/20
 10101 | D:9      | Learned a level 1 spell: Animate Skeleton
 10255 | D:10     | Entered Level 10 of the Dungeon
 10546 | D:10     | Reached skill level 5 in Conjurations
 10546 | D:10     | Reached skill level 5 in Hexes
 10546 | D:10     | Reached skill level 5 in Summonings
 10546 | D:10     | Reached skill level 5 in Necromancy
 10546 | D:10     | Reached skill level 5 in Translocations
 10546 | D:10     | Reached skill level 5 in Transmutations
 10546 | D:10     | Reached skill level 5 in Fire Magic
 10546 | D:10     | Reached skill level 5 in Ice Magic
 10546 | D:10     | Reached skill level 5 in Air Magic
 10546 | D:10     | Reached skill level 5 in Earth Magic
 10546 | D:10     | Reached skill level 5 in Poison Magic
 10549 | D:10     | Reached **** piety under Okawaru
 10794 | D:10     | You fall through a shaft for 2 floors!
 10824 | D:11     | Noticed a two-headed ogre
 10837 | D:11     | Killed a two-headed ogre
 10837 | D:11     | Received a gift from Okawaru
 11407 | D:10     | Received a gift from Okawaru
 11497 | D:10     | Reached ***** piety under Okawaru
 12455 | D:11     | Found a staircase to the Orcish Mines.
 12480 | D:11     | Received a gift from Okawaru
 12527 | D:11     | Found a shimmering altar of Xom.
 12689 | D:11     | Reached XP level 12. HP: 92/92 MP: 22/22
 12925 | D:11     | Found a staircase to the Lair.
 12996 | Lair:1   | Entered Level 1 of the Lair of Beasts
 13264 | Lair:1   | Received a gift from Okawaru
 13301 | Lair:1   | Found a frozen archway.
 13323 | IceCv    | Entered an ice cave
 13400 | IceCv    | Mangled by an ice devil

Vault maps used:
D:1:      dpeg_arrival_shelter, minivault_14, minmay_heptomino_d4
D:2:      minmay_distorted
D:3:      chequers_serial_rivers_small_b, minmay_hedge_maze, trog_book
D:4:      first_ration
D:5:      serial_glass, glass_columns_a, glass_columns_b, uniq_ijyb, uniq_pikel,
          uniq_grinder, uniq_duvessa
D:6:      fedhas_altar_2, minmay_temple_entry_butterflies, serial_shops,
          shop_statue, uniq_blork_the_orc
D:7:      wad_river_or_something, uniq_prince_ribbit1, uniq_crazy_yiuf_cottage
D:8:      serial_bayou, serial_bayou_shore_a, serial_bayou_lake_a,
          serial_bayou_pond_b, serial_bayou_pond_c
D:11:     david_lair_shrubbed, orc_0_dummy, basic_altar
D:12:     minmay_door_square
Temple:   nicolae_temple_the_god_donut
Lair:1:   portal_ice_cave_entry_imps, minmay_lair_oklob_chamber
IceCv:    ice_cave_tombish

Skill      XL: |  1  2  3  4  5  6  7  8  9 10 11 12 |
---------------+-------------------------------------+-----
Spellcasting   | 5 6 7 8 |  8.7
Invocations    | 1 2 3 4 5 6 7 |  7.6
Short Blades   | 1 2 3 4 5 6 7 |  7.0
Long Blades    | 1 2 3 4 5 6 7 |  7.0
Axes           | 1 2 3 4 5 6 7 |  7.0
Maces & Flails | 1 2 3 4 5 6 7 |  7.0
Staves         | 1 2 3 4 5 6 7 |  7.0
Slings         | 1 2 3 4 5 6 7 |  7.0
Bows           | 1 2 3 4 5 6 7 |  7.0
Crossbows      | 1 2 3 4 5 6 7 |  7.0
Throwing       | 1 2 3 4 5 6 7 |  7.0
Stealth        | 1 2 3 4 5 6 7 |  7.0
Shields        | 1 2 3 4 5 6 7 |  7.0
Unarmed Combat | 1 2 3 4 5 6 7 |  7.0
Evocations     | 1 2 3 4 5 6 7 |  7.0
Conjurations   | 1 2 3 4 5 |  5.8
Hexes          | 1 2 3 4 5 |  5.8
Summonings     | 1 2 3 4 5 |  5.8
Necromancy     | 1 2 3 4 5 |  5.8
Translocations | 1 2 3 4 5 |  5.8
Transmutations | 1 2 3 4 5 |  5.8
Fire Magic     | 1 2 3 4 5 |  5.8
Ice Magic      | 1 2 3 4 5 |  5.8
Air Magic      | 1 2 3 4 5 |  5.8
Earth Magic    | 1 2 3 4 5 |  5.8
Poison Magic   | 1 2 3 4 5 |  5.8
Armour         | 3 4 5 6 7 |  7.5
Fighting       | 5 6 7 8 |  8.4
Polearms       | 5 6 7 8 |  8.4
Dodging        | 5 6 7 8 |  8.4
Charms         | 6 7 8 |  8.0

Action                   |  1- 3 |  4- 6 |  7- 9 | 10-12 || total
-------------------------+-------+-------+-------+-------++-------
Melee: Spear             |    39 |   135 |   193 |       ||   367
       Bite              |    10 |    20 |    34 |   101 ||   165
       Short sword       |    50 |    52 |    74 |       ||   176
       Punch             |       |     2 |     9 |       ||    11
       Mace              |       |       |    28 |   635 ||   663
 Fire: Shortbow          |       |       |    11 |       ||    11
Throw: Tomahawk          |       |     7 |       |       ||     7
 Cast: Spectral Weapon   |       |     8 |    21 |    26 ||    55
       Song of Slaying   |       |     6 |     8 |     9 ||    23
       Infusion          |       |     3 |     9 |    20 ||    32
       Animate Skeleton  |       |       |       |    15 ||    15
Invok: Heroism           |       |       |       |     6 ||     6
  Use: Potion            |       |     2 |       |       ||     2
       Scroll            |       |       |     1 |     1 ||     2
 Stab: Sleeping          |     4 |     1 |     3 |       ||     8
       Distracted        |       |     3 |     5 |     3 ||    11
  Eat: Chunk             |     3 |     7 |     8 |    14 ||    32
       Ration            |       |       |     1 |     4 ||     5
Armor: Leather armour    |    12 |    38 |    38 |       ||    88
       Scale mail        |       |       |    36 |       ||    36
       Chain mail        |       |       |     2 |   365 ||   367
Dodge: Dodged            |    49 |   118 |   150 |   390 ||   707
Block: Buckler           |       |       |       |   181 ||   181

Table legend:
 A = Non-vault XP
 B = Vault XP
 C = Vault XP percentage of total XP
 D = Non-vault monster count
 E = Vault monster count
 F = Vault count percentage of total count
                 A         B        C        D         E       F
            +---------+---------+-------+---------+---------+-------
      Total |   18173 |    3455 |  16.0 |     304 |      37 |  10.9
            +---------+---------+-------+---------+---------+-------
        D:1 |      35 |       3 |   7.9 |      21 |       3 |  12.5
        D:2 |      84 |       6 |   6.7 |      14 |       3 |  17.6
        D:3 |     195 |       0 |   0.0 |      38 |       0 |   0.0
        D:4 |     495 |       0 |   0.0 |      14 |       0 |   0.0
        D:5 |     666 |    1129 |  62.9 |      15 |       5 |  25.0
        D:6 |     673 |      90 |  11.8 |      24 |       1 |   4.0
        D:7 |    1047 |     558 |  34.8 |      22 |       8 |  26.7
        D:8 |    1969 |    1085 |  35.5 |      46 |       3 |   6.1
        D:9 |    2387 |       0 |   0.0 |      23 |       0 |   0.0
       D:10 |    4233 |       0 |   0.0 |      42 |       0 |   0.0
       D:11 |    4244 |     333 |   7.3 |      33 |       1 |   2.9
       D:12 |      50 |       0 |   0.0 |       4 |       0 |   0.0
     Lair:1 |    2095 |     251 |  10.7 |       8 |      13 |  61.9
            +---------+---------+-------+---------+---------+-------
